 Dungeon Crawl Stone Soup version 0.28.0-53-g5a82cb258f (webtiles) character file.

Game seed: 2704986255983784554

28877 protoss039 the Warrior (level 13, 116/116 HPs)
             Began as a Demonspawn Earth Elementalist on June 14, 2022.
             Was an Elder of Vehumet.
             Got out of the dungeon alive.
             The game lasted 00:22:31 (16178 turns).

protoss039 the Warrior (DsEE)                      Turns: 16178, Time: 00:22:31

Health: 116/116    AC:  8    Str:  8    XL:     13   Next: 12%
Magic:  36/36      EV: 12    Int: 21    God:    Vehumet [****..]
Gold:   800        SH:  0    Dex: 19    Spells: 13/33 levels left

rFire   + . .      SeeInvis .   s - +1 long sword "Nikhal" {freeze, rN+ Dex+4}
rCold   . . .      Faith    .   (no shield)
rNeg    + . .      Spirit   .   D - +2 steam dragon scales
rPois   .          Reflect  .   (no helmet)
rElec   +          Harm     +   y - +0 cloak
rCorr   .          Rampage  .   (no gloves)
Will    +....                   (boots unavailable)
Stlth   ++........              v - amulet of Birdsong {RegenMP Harm rElec}
HPRegen 0.29/turn               x - ring of magical power
MPRegen 0.65/turn               m - ring of protection from fire

@: no status effects
A: hooves 3, foul stench 1, spiny 2, sturdy frame 1, demonic willpower
a: Renounce Religion


You escaped.
You worshipped Vehumet.
Vehumet was greatly pleased with you.
You visited 2 branches of the dungeon, and saw 14 of its levels.
You also visited: Sewer.

You collected 800 gold pieces.

Inventory:

Hand Weapons
 l - a +2 dagger of venom
 s - the +1 long sword "Nikhal" (weapon) {freeze, rN+ Dex+4}
   (You found it on level 4 of the Dungeon)

   It freezes those it strikes, dealing additional cold damage.
   It can also slow down cold-blooded creatures.
   Dex:       It affects your dexterity (+4).
   rN:        It protects you from negative energy.
 R - a +3 scimitar of flaming
Missiles
 c - 338 stones
 E - 6 throwing nets
Armour
 y - a +0 cloak (worn)
 D - +2 steam dragon scales (worn)
 T - a +0 leather armour of cold resistance
Jewellery
 i - a ring of wizardry
 m - a ring of protection from fire (right hand)
 r - a ring of flight
 v - the amulet of Birdsong (around neck) {RegenMP Harm rElec}
   (You found it on level 5 of the Dungeon)

   [amulet of magic regeneration]

   It increases your rate of magic regeneration.
   rElec:     It insulates you from electricity.
   Harm:      It increases damage dealt and taken.
 x - a ring of magical power (left hand)
 A - a ring of resist corrosion
 N - a ring of poison resistance
Wands
 t - a wand of iceblast (21)
 H - a wand of paralysis (12)
 J - a wand of mindburst (7)
 L - a wand of digging (13)
Scrolls
 a - 3 scrolls of brand weapon
 b - 4 scrolls of magic mapping
 d - 6 scrolls of teleportation
 f - a scroll of identify
 g - a scroll of torment
 h - a scroll of fear
 o - a scroll of noise {unknown}
 p - 2 scrolls of enchant armour {unknown}
 q - 2 scrolls of blinking
 u - a scroll of summoning {unknown}
 B - 3 scrolls of fog
 C - 2 scrolls of holy word {unknown}
 G - 2 scrolls of amnesia {unknown}
Potions
 e - a potion of attraction {unknown}
 j - 2 potions of curing
 k - 2 potions of ambrosia {unknown}
 n - a potion of heal wounds {unknown}
 w - 3 potions of haste
 z - a potion of resistance {unknown}
 F - 2 potions of brilliance
 I - a potion of lignification {unknown}
 K - 2 potions of flight {unknown}
 M - a potion of cancellation {unknown}
 O - a potion of mutation {unknown}
 P - a potion of invisibility {unknown}
 S - a potion of might {unknown}
Miscellaneous
 Q - a tin of tremorstones (2/2)


   Skills:
 * Level 15.4 Fighting
 - Level 3.0 Armour
 - Level 1.7 Dodging
 - Level 1.7 Stealth
 + Level 10.5 Spellcasting
 - Level 3.0 Conjurations
 - Level 1.0 Transmutations
 + Level 10.6 Earth Magic


You had 13 spell levels left.
You knew the following spells:

 Your Spells              Type           Power      Damage    Failure   Level
a - Sandblast             Erth           100%       2d20      1%          1
b - Passwall              Tmut/Erth      29%        N/A       1%          2
c - Stone Arrow           Conj/Erth      78%        3d11      1%          3
e - Static Discharge      Conj/Air       17%        N/A       1%          2
f - Flame Wave            Conj/Fire      17%        2d6       9%          4
g - Mephitic Cloud        Conj/Pois/Air  15%        N/A       3%          3
h - Freezing Cloud        Conj/Ice/Air   7%         6-21      28%         5

Your spell library contained the following spells:

 Spells                   Type           Power      Damage    Failure   Level
 Lee's Rapid Deconstruct  Erth           26%        3d15*     1%          5
 Magic Dart               Conj           92%        1d7       1%          1
 Poisonous Vapours        Pois/Air       22%        N/A       2%          2
 Ignite Poison            Fire/Tmut/Pois 12%        N/A       4%          3
 Petrify                  Tmut/Erth      35%        N/A       5%          4
 Leda's Liquefaction      Hex/Erth       16%        N/A       7%          4
 Call Imp                 Summ           11%        N/A       10%         2
 Corpse Rot               Necr/Air       22%        N/A       10%         2
 Airstrike                Air            5%         N/A       16%         4
 Call Canine Familiar     Summ           11%        N/A       19%         3
 Portal Projectile        Hex/Tloc       22%        N/A       19%         3
 Lightning Bolt           Conj/Air       8%         1d21      24%         5
 Cause Fear               Hex            5%         N/A       52%         4
 Summon Lightning Spire   Summ/Air       11%        N/A       52%         4
 Dragon Form              Tmut           7%         N/A       100%        7
 Maxwell's Capacitive Co  Air            5%         ∞         100%        8
 Dragon's Call            Summ           5%         N/A       100%        9


Dungeon Overview and Level Annotations

Branches:
Dungeon (13/15)            Temple (1/1) D:4            Lair (0/6) D:10
    Orc (0/2) D:12         Vaults (0/5) D:13          Sewer (visited)

Altars:
Ashenzari
Cheibriados
Dithmenos
Elyvilon
Fedhas
Gozag
Hepliaklqana
Kikubaaqudgha
Makhleb
Nemelex Xobeh
Okawaru
Qazlal
Ru
Sif Muna
Trog
Uskayaw
Vehumet
Wu Jian
Xom
Yredelemnul
Zin
The Shining One

Shops:
D:2 [

Annotations:
D:8 2 transporters, OrcWarrior's ghost, novice HOFi


Innate Abilities, Weirdness & Mutations

You have hooves in place of feet.
You may rarely emit foul miasma when damaged in melee.
You are mostly covered in sharp spines.
Your movements are slightly less encumbered by armour. (ER -2)
You punish those that try to bend your will. (Will+)


Message History

Press: ? - help, Shift-Dir - straight line, f/p - black bear
Aim: a black bear (severely wounded, 81% to hit)
The stone arrow misses the black bear.
Casting: Stone Arrow (safe; 1% risk of failure)
Confirm with . or Enter, or press ? or * to list all spells.
Aiming: Stone Arrow (safe; 1% risk of failure)
Press: ? - help, Shift-Dir - straight line, f/p - black bear
Aim: a black bear (severely wounded, 81% to hit)
The stone arrow hits the black bear!!
You kill the black bear!
Vehumet accepts your kill.
Unknown command.
(D) Dungeon (T) Temple (L) Lair (O) Orcish Mines (V) Vaults
Where to? (Enter - D:4 @ (x,y), ? - help)
There is a stone staircase leading up here.
Unknown command.
(D) Dungeon (T) Temple (L) Lair (O) Orcish Mines (V) Vaults
Where to? (Enter - D:4 @ (x,y), ? - help)
What level of the Dungeon? (default 1, ? - help)
You climb upwards.
There is a stone staircase leading down here.
Magic restored.
There is a stone staircase leading up here.
You climb upwards.
There is a stone staircase leading down here.
There is a stone staircase leading up here.
You climb upwards.
There is a stone staircase leading down here.
You open the door.
There is an open door here.
There is an open door here.
There is a dry fountain here.
There is a dry fountain here.
There is a dry fountain here.
There is a dry fountain here.
There is a staircase leading out of the dungeon here.
Are you sure you want to leave the Dungeon?
This will make you lose the game!
You have escaped!

.#.###.........##.......##.#
#...............#.#.###.##.#
...###.###.#...##.#.###.##.#
#.## #.# #.##.###.#........#
#.# #.# #........#####.####
#.# #.# ####.#.#.#.###.# #.#
#.# ###.#.#.#.##.## #.#
#.#####..#.#.#.##.#.#
#.####.......#.#@#.#.##..#
......####....#.#.#.###..#
#.....###....#.#.#.#.#...##
........'.....#.#.#.#.....#
#.....###....#.#.#.#.#....#
#.....# ##.......######...#
####..# ##.....## ###.# #
#..# ##...## #.# ####..#
##+## #.#


There were no monsters in sight!

Vanquished Creatures
  Jorgrun (D:13)
  8 vault guards
  Josephine (D:11)
  A catoblepas (D:13)
  A boulder beetle (D:11)
  A hydra (D:12)
  Harold (D:7)
  5 two-headed ogres
  A harpy (shapeshifter) (D:13)
  4 ugly things (D:12)
  A deep elf pyromancer (D:13)
  A manticore (D:13)
  3 cyclopes
  Joseph (D:7)
  Maggie (D:7)
  An efreet (D:13)
  3 trolls
  2 hornets (D:9)
  Prince Ribbit (D:6)
  13 slime creatures
  7 wraiths
  A wyvern (D:7)
  A basilisk (D:9)
  16 yaks
  A basilisk (shapeshifter) (D:13)
  3 steam dragons
  2 orc warriors
  A water moccasin (D:6)
  Pargi (Sewer)
  3 ice beasts
  A hornet zombie (D:9)
  2 necrophages
  2 black bears
  2 wolves (D:10)
  6 centaurs
  2 phantoms
  2 bullfrogs
  A gnoll sergeant (D:9)
  5 scorpions
  A water moccasin skeleton (D:6)
  3 wights (D:8)
  2 howler monkeys
  6 hounds
  2 centaur zombies
  2 bullfrog skeletons
  10 orc priests
  A centaur skeleton (D:4)
  Jessica (D:3)
  4 orc wizards
  Natasha (thrice) (D:4)
  3 iguanas
  A killer bee zombie (D:8)
  A howler monkey zombie (D:8)
  9 gnolls
  2 howler monkey skeletons (D:6)
  7 adders
  2 river rats (D:5)
  4 adder skeletons
  9 worms
  24 orcs
  4 endoplasms
  4 giant cockroaches
  2 goblins
  3 hobgoblins
  8 jackals
  4 kobolds
  A quokka (D:4)
  6 ball pythons
  11 bats
  2 frilled lizards (D:3)
  9 rats
261 creatures vanquished.

Notes
Turn   | Place    | Note
-------+----------+-------------------------------------------
     0 | D:1      | protoss039 the Demonspawn Earth Elementalist began the
                  | quest for the Orb.
     0 | D:1      | Reached XP level 1. HP: 13/13 MP: 3/3
   154 | D:1      | Reached skill level 1 in Transmutations
   487 | D:1      | Reached skill level 1 in Fighting
   487 | D:1      | Gained mutation: Your movements are slightly less
                  | encumbered by armour. (ER -2) [demonic ancestry]
   487 | D:1      | Reached XP level 2. HP: 21/21 MP: 1/5
  1031 | D:1      | Learned a level 2 spell: Passwall
  1037 | D:2      | Gained mutation: You may rarely emit foul miasma when
                  | damaged in melee. [demonic ancestry]
  1037 | D:2      | Reached XP level 3. HP: 26/26 MP: 3/6
  1236 | D:2      | Found Yddeas Feim's Armour Boutique.
  1272 | D:2      | Reached skill level 1 in Armour
  1292 | D:2      | Found a faded altar of an unknown god.
  1299 | D:2      | Reached skill level 2 in Fighting
  1974 | D:2      | Learned a level 3 spell: Stone Arrow
  1982 | D:3      | Reached XP level 4. HP: 29/33 MP: 3/7
  2491 | D:3      | Reached skill level 1 in Conjurations
  2843 | D:3      | Gained mutation: You have large cloven feet. [demonic
                  | ancestry]
  2843 | D:3      | Reached XP level 5. HP: 26/39 MP: 4/9
  3526 | D:3      | Noticed Jessica
  3532 | D:3      | Killed Jessica
  3533 | D:3      | Reached skill level 3 in Fighting
  4004 | D:3      | Learned a level 3 spell: Mephitic Cloud
  4026 | D:4      | Found a staircase to the Ecumenical Temple.
  4044 | Temple   | Entered the Ecumenical Temple
  4410 | Temple   | Became a worshipper of Vehumet
  4489 | D:4      | Gained mutation: You are partially covered in sharp spines.
                  | [demonic ancestry]
  4489 | D:4      | Reached XP level 6. HP: 33/47 MP: 0/10
  5012 | D:4      | Noticed Natasha
  5017 | D:4      | Killed Natasha
  5213 | D:4      | Identified the +1 long sword "Nikhal" {freeze, rN+ Dex+4}
  5244 | D:4      | Noticed Natasha
  5251 | D:4      | Killed Natasha
  5252 | D:4      | Reached XP level 7. HP: 52/53 MP: 1/12
  5375 | D:4      | Noticed Natasha
  5378 | D:4      | Killed Natasha
  5519 | D:5      | Entered Level 5 of the Dungeon
  5535 | D:5      | Reached skill level 4 in Fighting
  5571 | D:5      | Identified the amulet of Birdsong {RegenMP Harm rElec}
  6024 | D:5      | Reached skill level 5 in Fighting
  6153 | D:5      | Gained mutation: You have hoof-like feet. [demonic
                  | ancestry]
  6153 | D:5      | Reached XP level 8. HP: 62/62 MP: 8/14
  6175 | D:5      | Reached * piety under Vehumet
  6175 | D:5      | Offered knowledge of Shock by Vehumet.
  6197 | D:5      | Found a glowing drain.
  6202 | Sewer    | Entered a sewer
  6242 | Sewer    | Noticed Pargi
  6249 | Sewer    | Killed Pargi
  6576 | D:6      | Reached skill level 6 in Fighting
  6627 | D:6      | Reached skill level 5 in Earth Magic
  6815 | D:6      | Reached skill level 5 in Spellcasting
  6816 | D:6      | Noticed Prince Ribbit
  6822 | D:6      | Killed Prince Ribbit
  6823 | D:6      | Reached skill level 7 in Fighting
  6987 | D:6      | You are sucked into a shaft and drop 2 floors!
  7002 | D:8      | Offered knowledge of Searing Ray by Vehumet.
  7003 | D:8      | Reached XP level 9. HP: 70/72 MP: 7/16
  7055 | D:8      | Reached ** piety under Vehumet
  7264 | D:8      | Reached skill level 8 in Fighting
  7287 | D:7      | Noticed Maggie
  7292 | D:7      | Killed Maggie
  8100 | D:7      | Noticed Harold
  8105 | D:7      | Killed Harold
  8106 | D:7      | Reached skill level 9 in Fighting
  8346 | D:7      | Noticed Joseph
  8352 | D:7      | Killed Joseph
  8353 | D:7      | Gained mutation: You have hooves in place of feet. [demonic
                  | ancestry]
  8353 | D:7      | Reached XP level 10. HP: 71/84 MP: 17/19
  8803 | D:8      | Noticed a boulder beetle
  8830 | D:8      | Noticed OrcWarrior's ghost (novice HOFi)
  8836 | D:8      | Found a transporter.
  8916 | D:8      | Found a transporter.
  9588 | D:9      | Reached skill level 10 in Fighting
 10113 | D:9      | Offered knowledge of Static Discharge by Vehumet.
 10569 | D:9      | Reached skill level 11 in Fighting
 10645 | D:9      | Learned a level 2 spell: Static Discharge
 10646 | D:10     | Entered Level 10 of the Dungeon
 10665 | D:10     | Reached *** piety under Vehumet
 10997 | D:10     | Found an iron altar of Okawaru.
 10998 | D:10     | Found a blossoming altar of Fedhas.
 11042 | D:10     | Found a staircase to the Lair.
 11096 | D:10     | Gained mutation: You are mostly covered in sharp spines.
                  | [demonic ancestry]
 11096 | D:10     | Reached XP level 11. HP: 79/93 MP: 19/22
 11602 | D:11     | Noticed a two-headed ogre
 11605 | D:10     | Identified the +9 quarterstaff of the Orcish Mines {vorpal,
                  | *Slow rN++}
 11707 | D:11     | Learned a level 5 spell: Freezing Cloud
 11708 | D:11     | Noticed a two-headed ogre
 11709 | D:11     | Noticed a boulder beetle
 11714 | D:11     | Killed a two-headed ogre
 11724 | D:11     | Killed a boulder beetle
 11725 | D:11     | Reached skill level 12 in Fighting
 11838 | D:11     | Noticed Josephine
 11848 | D:11     | Offered knowledge of Flame Wave by Vehumet.
 11862 | D:11     | Killed Josephine
 12096 | D:11     | Killed a two-headed ogre
 12504 | D:11     | Learned a level 4 spell: Flame Wave
 12836 | D:12     | Noticed a two-headed ogre
 12839 | D:12     | Noticed a white ugly thing
 12847 | D:12     | Killed a white ugly thing
 12854 | D:12     | Killed a two-headed ogre
 12855 | D:12     | Reached skill level 13 in Fighting
 12909 | D:12     | Noticed a purple ugly thing
 12918 | D:12     | Killed a purple ugly thing
 13149 | D:12     | Noticed a purple ugly thing
 13158 | D:12     | Killed a purple ugly thing
 13184 | D:12     | Found a staircase to the Orcish Mines.
 13222 | D:12     | Noticed a seven-headed hydra
 13228 | D:12     | Killed a seven-headed hydra
 13229 | D:12     | Reached XP level 12. HP: 105/105 MP: 25/25
 13282 | D:12     | Noticed a two-headed ogre
 13286 | D:12     | Killed a two-headed ogre
 13909 | D:12     | Reached **** piety under Vehumet
 14142 | D:13     | Reached skill level 14 in Fighting
 14330 | D:13     | Noticed a vault guard
 14330 | D:13     | Noticed a vault guard
 14330 | D:13     | Noticed a vault guard
 14331 | D:13     | Found a gate to the Vaults.
 14331 | D:13     | Noticed a vault guard
 14331 | D:13     | Noticed a vault guard
 14331 | D:13     | Noticed a vault guard
 14331 | D:13     | Noticed a vault guard
 14332 | D:13     | Noticed a vault guard
 14337 | D:13     | Killed a vault guard
 14337 | D:13     | Killed a vault guard
 14338 | D:13     | Killed a vault guard
 14341 | D:13     | Killed a vault guard
 14342 | D:13     | Reached skill level 10 in Earth Magic
 14342 | D:13     | Killed a vault guard
 14361 | D:12     | Killed a vault guard
 14361 | D:12     | Offered knowledge of Lee's Rapid Deconstruction by Vehumet.
 14362 | D:12     | Reached skill level 10 in Spellcasting
 14606 | D:13     | Killed a vault guard
 14621 | D:12     | Killed a vault guard
 14995 | D:13     | Noticed a two-headed ogre
 15000 | D:13     | Killed a two-headed ogre
 15001 | D:13     | Reached skill level 15 in Fighting
 15103 | D:13     | Noticed Jorgrun
 15105 | D:13     | Noticed a catoblepas
 15174 | D:13     | Killed a catoblepas
 15314 | D:13     | Gained mutation: You punish those that try to bend your
                  | will. (Will+) [demonic ancestry]
 15314 | D:13     | Reached XP level 13. HP: 99/115 MP: 24/27
 15795 | D:13     | Killed Jorgrun
 16178 | D:$      | Got out of the dungeon alive.

Illustrated notes

Levels and vault maps discovered:
D:1:      lightli_arrival_chessboard, layout_loops_corners, kennysheep_doodads,
          hangedman_decor_riveting
D:2:      layout_loops_ring, serial_shops, nicolae_shop_crystal,
          nicolae_ecumenical_snake_handling
D:3:      layout_loops_ring, uniq_jessica
D:4:      layout_loops_ring, minmay_temple_entry_drinking_statues, uniq_natasha
D:5:      layout_loops_ring, lightli_sewer_entry_pipes
D:6:      layout_basic, uniq_prince_ribbit1
D:7:      nicolae_cairo_tiling_large, layout_loops_ring, minmay_crossroads,
          uniq_harold, uniq_joseph, uniq_maggie
D:8:      layout_basic, gammafunk_ghost_arena, grunt_ministairs_8
D:9:      layout_roguey
D:10:     layout_grid_maze, grunt_temple_overflow_open, erik_lair_island
D:11:     layout_roguey, uniq_josephine
D:12:     layout_irregular_city, orc_0_dummy
D:13:     layout_basic, erik_vaults_2, uniq_jorgrun
Temple:   mainiacjoe_temple_cubbyholes

Skill      XL: |  1  2  3  4  5  6  7  8  9 10 11 12 |
---------------+-------------------------------------+-----
Transmutations | 1 |  1.0
Fighting       | 1 2 3 5 7 9 11 13 15 | 15.4
Armour         | 1 2 3 |  3.0
Earth Magic    | 3 4 5 6 8 9 10 | 10.6
Conjurations   | 1 2 3 |  3.0
Spellcasting   | 3 4 5 6 7 9 10 | 10.5
Dodging        | |  1.7
Stealth        | |  1.7

Action                   |  1- 3 |  4- 6 |  7- 9 | 10-12 | 13-15 || total
-------------------------+-------+-------+-------+-------+-------++-------
Melee: Club              |     3 |       |       |       |       ||     3
       Spear             |    68 |    40 |       |       |       ||   108
       Punch             |     2 |       |     1 |     2 |       ||     5
       Dagger            |       |    42 |     2 |     8 |       ||    52
       Kick              |       |    14 |    12 |    26 |       ||    52
       Long sword        |       |       |    42 |    53 |       ||    95
 Cast: Sandblast         |    26 |    27 |    12 |    20 |       ||    85
       Stone Arrow       |       |    21 |    75 |   191 |    17 ||   304
       Static Discharge  |       |       |       |    10 |       ||    10
       Mephitic Cloud    |       |       |       |    23 |     1 ||    24
       Flame Wave        |       |       |       |     4 |       ||     4
       Freezing Cloud    |       |       |       |     1 |       ||     1
  Use: Potion            |       |     1 |       |       |       ||     1
       Scroll            |       |       |     5 |     3 |     1 ||     9
 Stab: Sleeping          |     3 |     6 |     5 |     2 |       ||    16
       Confused          |       |       |       |     3 |       ||     3
Armor: Robe              |    17 |    16 |    15 |       |       ||    48
       Steam dragon scal |       |       |     3 |    32 |     2 ||    37
Dodge: Dodged            |    53 |    73 |    30 |    99 |     1 ||   256
